 Dungeon Crawl Stone Soup version 0.30-a0-778-g2ef04afb54 (webtiles) character file.

Game seed: 9426590243555394096

4941 IdlyInterested the Basher (level 10, 0/70 HPs)
             Began as a Demonspawn Fighter on Feb 16, 2023.
             Slain by an orange demon (3 damage)
             ... led by Amaemon
             ... on level 8 of the Dungeon.
             The game lasted 00:26:57 (8765 turns).

IdlyInterested the Basher (Demonspawn Fighter)      Turns: 8765, Time: 00:26:58

Health: 0/70       AC: 13    Str: 21    XL:     10   Next: 28%
Magic:  10/10      EV: 11    Int: 10    God:
Gold:   41         SH:  6    Dex: 12    Spells: 9/9 levels left

rFire   . . .      SeeInvis .    D - +3 morningstar (freeze)
rCold   . . .      Faith    .    m - +2 buckler
rNeg    . . .      Spirit   .    h - +0 acid dragon scales
rPois   .          Reflect  .    (no helmet)
rElec   .          Harm     .    (no cloak)
rCorr   +          Rampage  .    E - +0 pair of gloves
Will    .....                    (boots unavailable)
Stlth   ++                       x - amulet of magic regeneration
HPRegen 0.31/turn                A - +4 ring of protection
MPRegen 0.52/turn                (no ring)

@: lethally poisoned (0 -> -46), slowed, very slow
A: hooves 3, powered by pain 1, sharp scales 1
a: no special abilities


You were on level 8 of the Dungeon.
You visited 2 branches of the dungeon, and saw 9 of its levels.

You collected 463 gold pieces.
You spent 422 gold pieces at shops.

Inventory:

Hand Weapons
 C - a +2 morningstar of flaming
 D - a +3 morningstar of freezing (weapon)
 F - a +0 morningstar
Missiles
 c - 2 curare-tipped darts
 g - 2 throwing nets
 l - 16 poisoned darts (quivered)
 w - 4 boomerangs
Armour
 h - +0 acid dragon scales (worn)
 m - a +2 buckler (worn)
 B - a +2 robe of fire resistance
 E - a +0 pair of gloves (worn)
Magical Staves
 n - a staff of conjuration
Jewellery
 i - an amulet of regeneration
 o - a ring of ice
 q - an amulet of faith
 x - an amulet of magic regeneration (around neck)
 A - a +4 ring of protection (left hand)
Wands
 u - a wand of polymorph (4)
 y - a wand of flame (19)
Scrolls
 b - a scroll of enchant weapon
 d - 2 scrolls of enchant armour
 e - a scroll of teleportation
 k - a scroll of amnesia
 p - 2 scrolls of magic mapping
 t - 3 scrolls of blinking
Potions
 a - a potion of resistance {unknown}
 f - a potion of cancellation
 j - 3 potions of flight
 v - 2 potions of brilliance {unknown}


   Skills:
 - Level 3.0 Fighting
 * Level 11.8 Maces & Flails
 - Level 2.0 Throwing
 - Level 6.0 Armour
 - Level 3.0 Dodging
 + Level 2.6 Stealth
 - Level 3.0 Shields
 - Level 2.0 Evocations


You had 9 spell levels left.
You didn't know any spells.
Your spell library contained the following spells:

 Spells                   Type           Power      Damage    Failure   Level
 Apportation              Tloc           0%         N/A       54%         1
 Ignite Poison            Fire/Tmut/Pois 0%         N/A       88%         3
 Sticky Flame             Conj/Fire      0%         2d3       99%         4
 Alistair's Intoxication  Tmut/Pois      0%         N/A       100%        5
 Ignition                 Fire           0%         3d3       100%        8


Dungeon Overview and Level Annotations

Branches:
Dungeon (8/15)             Temple (1/1) D:4
   Lair: D:8-11

Altars:
Ashenzari
Cheibriados
Dithmenos
Fedhas
Gozag
Hepliaklqana
Kikubaaqudgha
Makhleb
Nemelex Xobeh
Okawaru
Qazlal
Ru
Sif Muna
Trog
Uskayaw
Vehumet
Wu Jian
Xom
Yredelemnul

Shops:
D:1 [*:   D:4 :   D:5 !?[=

Annotations:
D:8 Amaemon


Innate Abilities, Weirdness & Mutations

You have hooves in place of feet.
You sometimes gain a little power by taking damage.
You are partially covered in razor-sharp scales. (AC +1, Slay +1)


Message History

Amaemon claws you.
Amaemon tail-slaps you but does no damage.
The orange demon stings you from afar!
You are more poisoned.
You have difficulty breathing.
You feel yourself slow down. Amaemon barely misses you.
Amaemon claws you but does no damage. Amaemon closely misses you.
You block the orange demon's attack.
You puncture Amaemon! You freeze Amaemon.
Amaemon is heavily wounded.
You feel extremely sick.
Amaemon says, "Need some antivenom?
Don't worry, you can trust me."
Amaemon mumbles some strange words.
The orange demon stings you but does no damage.
You barely miss Amaemon. You kick Amaemon!
Amaemon is heavily wounded.
You feel very sick.
Amaemon hits you with a -2 demon whip of venom.
You are lethally poisoned!
Amaemon claws you but does no damage. Amaemon tail-slaps you.
The orange demon stings you from afar. You block the scorpion's attack.
The orange demon stings you from afar.
* * * LOW HITPOINT WARNING * * *
Amaemon hits you but does no damage.
You are more poisoned.
You block Amaemon's attack. Amaemon closely misses you.
You closely miss Amaemon. Your kick misses Amaemon.
Amaemon is heavily wounded.
* * * LOW HITPOINT WARNING * * *
You feel extremely sick.
The scorpion stings you but does no damage.
Amaemon hits you with a -2 demon whip of venom.
* * * LOW HITPOINT WARNING * * *
You are more poisoned.
Amaemon claws you but does no damage.
Amaemon tail-slaps you but does no damage.
The scorpion stings you.
* * * LOW HITPOINT WARNING * * *
You are more poisoned.
The scorpion poisons you! The orange demon stings you from afar.
You die...

############..# ......#
#.....##
#####.###.###..#####
#####.#............#
....#.#..######....########
###.#.#.....# #.#..........
###'#.#.### #............
#.........### ####.########
#...........# #.@s.......#
#.....#.#.#.# #6##.####...
####....#.#.# #4 #.#
........#.#.#s #.#
###.######.#.#. #.# #.#
#.#.#. #.# ####.# #.#.#.
#.. ).# #†#.#.# ## ).##.
#.#.#.#


You could see Amaemon, an orange demon (curare) and 2 scorpions.

Vanquished Creatures
  A two-headed ogre (D:7)
  Maggie (D:7)
  Grinder (D:4)
  Prince Ribbit (D:6)
  A steam dragon (D:5)
  An acid dragon (D:8)
  2 water moccasins
  2 orc warriors (D:7)
  A sky beast (D:8)
  An ice beast (D:7)
  A black bear (D:8)
  An ogre (D:7)
  2 centaurs
  2 phantoms
  3 kobold brigands
  3 bullfrogs
  5 scorpions
  A necrophage (D:4)
  12 wights
  3 howler monkeys (D:8)
  5 hounds
  4 orc priests
  A jelly (D:6)
  2 gnoll boudas
  Natasha (thrice) (D:4)
  An iguana (D:5)
  6 orc wizards
  9 adders
  12 gnolls
  A shadow imp (D:7)
  A white imp (D:6)
  4 ufetubi
  A worm (D:5)
  17 orcs
  8 endoplasms
  2 giant cockroaches
  2 goblins
  8 hobgoblins
  A jackal (D:2)
  17 kobolds
  4 quokkas
  5 ball pythons
  3 bats
  4 frilled lizards
  6 rats
172 creatures vanquished.

Notes
Turn   | Place    | Note
-------+----------+-------------------------------------------
     0 | D:1      | IdlyInterested the Demonspawn Fighter began the quest for
                  | the Orb.
     0 | D:1      | Reached XP level 1. HP: 18/18 MP: 1/1
    25 | D:1      | Reached skill level 2 in Maces & Flails
   108 | D:1      | Found Maewuih's Armour Shoppe.
   123 | D:1      | Gained mutation: You are partially covered in razor-sharp
                  | scales. (AC +1, Slay +1) [demonic ancestry]
   123 | D:1      | Reached XP level 2. HP: 9/24 MP: 2/2
   415 | D:1      | Found Tuiz's Assorted Antiques.
   426 | D:1      | Found Ubaidue's Vocational Training.
   785 | D:1      | Bought a scroll labelled AMINANE WOEX for 24 gold pieces
   785 | D:1      | Bought an orange potion for 21 gold pieces
   908 | D:2      | Reached skill level 1 in Dodging
  1099 | D:2      | Reached XP level 3. HP: 29/29 MP: 3/3
  1122 | D:2      | Reached skill level 3 in Maces & Flails
  1258 | D:1      | Bought a bubbling golden potion for 21 gold pieces
  1594 | D:2      | Reached skill level 1 in Stealth
  2114 | D:3      | Reached XP level 4. HP: 35/35 MP: 4/4
  2312 | D:1      | Bought a wooden wand for 96 gold pieces
  2468 | D:3      | Reached skill level 1 in Evocations
  2949 | D:4      | Noticed Natasha
  2960 | D:4      | Killed Natasha
  2961 | D:4      | Reached skill level 4 in Maces & Flails
  2961 | D:4      | Gained mutation: You have large cloven feet. [demonic
                  | ancestry]
  2961 | D:4      | Reached XP level 5. HP: 19/41 MP: 5/5
  3273 | D:4      | Found a staircase to the Ecumenical Temple.
  3319 | D:4      | Reached skill level 1 in Throwing
  3359 | D:4      | Found an ornate altar of the Wu Jian Council.
  3643 | D:4      | Noticed Grinder
  3648 | D:4      | Paralysed by Grinder for 4 turns
  3658 | D:4      | Paralysed by Grinder for 3 turns
  3663 | D:4      | Killed Grinder
  3664 | D:4      | Reached skill level 5 in Maces & Flails
  3664 | D:4      | Reached XP level 6. HP: 43/47 MP: 6/6
  3677 | D:4      | Noticed Natasha
  3684 | D:4      | Killed Natasha
  3745 | D:4      | Noticed Natasha
  3767 | D:4      | Killed Natasha
  3884 | D:4      | Found Haynee Zalor's Book Emporium.
  4097 | D:1      | Bought an embroidered robe for 88 gold pieces
  4177 | D:5      | Entered Level 5 of the Dungeon
  4244 | D:5      | Reached XP level 7. HP: 52/52 MP: 7/7
  4372 | D:5      | Reached skill level 6 in Maces & Flails
  4501 | D:5      | Reached skill level 7 in Maces & Flails
  4612 | D:5      | Found Hity's Antique Armour Emporium.
  4673 | D:5      | Found Mion's Jewellery Shop.
  4684 | D:5      | Gained mutation: You have hoof-like feet. [demonic
                  | ancestry]
  4684 | D:5      | Reached XP level 8. HP: 58/58 MP: 8/8
  4947 | Temple   | Entered the Ecumenical Temple
  5522 | D:5      | Reached skill level 8 in Maces & Flails
  5588 | D:5      | Found Ehuskosia's Distillery.
  5890 | D:5      | Found Puathrym's Magic Scroll Shop.
  6347 | D:6      | Noticed Prince Ribbit
  6358 | D:6      | Killed Prince Ribbit
  6359 | D:6      | Reached skill level 9 in Maces & Flails
  6382 | D:6      | Gained mutation: You have hooves in place of feet. [demonic
                  | ancestry]
  6382 | D:6      | Reached XP level 9. HP: 22/63 MP: 9/9
  6518 | D:6      | Reached skill level 5 in Armour
  7310 | D:7      | HP: 1/63 [ogre/+0 giant club (15)]
  7314 | D:7      | Reached skill level 10 in Maces & Flails
  7325 | D:7      | HP: 3/63 [poisoned by a kobold]
  7567 | D:7      | Noticed a two-headed ogre
  7575 | D:7      | Killed a two-headed ogre
  7579 | D:7      | Reached skill level 11 in Maces & Flails
  7760 | D:7      | Noticed Maggie
  7773 | D:7      | HP: 3/63 [centaur (1)]
  7780 | D:7      | Killed Maggie
  7781 | D:7      | Gained mutation: You sometimes gain a little power by
                  | taking damage. [demonic ancestry]
  7781 | D:7      | Reached XP level 10. HP: 18/70 MP: 10/10
  8273 | D:5      | Bought a shiny buckler for 172 gold pieces
  8756 | D:8      | Noticed an orange demon
  8758 | D:8      | Noticed Amaemon
  8765 | D:8      | HP: 3/70 [scorpion[Amaemon] (2)]
  8765 | D:8      | Slain by an orange demon

Illustrated notes

Levels and vault maps discovered:
D:1:      psy_arrival_basics, layout_basic, serial_shops,
          nicolae_shop_competitors_out_of_business, shop,
          nicolae_shop_vocational
D:2:      layout_basic, minmay_randomly_rotated_circles
D:3:      layout_loops_ring, lemuel_doored_altar, nicolae_hexahallways,
          hex_tiny, feat_on_display
D:4:      layout_loops_ring, overflow_temple_1_default,
          minmay_temple_entry_fiery, serial_shops, shop, corner_web_ring,
          uniq_grinder, uniq_natasha
D:5:      layout_basic, serial_shops, nicolae_shop_statue_plus,
          nicolae_lakefront_shop, nicolae_shop_trees, nicolae_shop_waterfront,
          hex_medium
D:6:      layout_rooms, uniq_prince_ribbit1
D:7:      layout_cave_pools, minmay_misc_feat_five, hangedman_decor_push,
          uniq_maggie
D:8:      layout_basic, dreamdust_princess_bridge, uniq_amaemon
Temple:   mainiacjoe_temple_big_plus

Skill      XL: |  1  2  3  4  5  6  7  8  9 10 |
---------------+-------------------------------+-----
Maces & Flails | 2 3 4 5 7 9 11 | 11.8
Dodging        | 1 2 3 |  3.0
Stealth        | 1 2 |  2.6
Evocations     | 1 2 |  2.0
Throwing       | 1 2 |  2.0
Armour         | 3 4 6 |  6.0
Shields        | 3 |  3.0
Fighting       | |  3.0

Action                     |  1- 3 |  4- 6 |  7- 9 | 10-12 || total
---------------------------+-------+-------+-------+-------++-------
  Melee: Flail             |    72 |    86 |    42 |       ||   200
         Kick              |       |    15 |    68 |    15 ||    98
         Morningstar       |       |       |   222 |    61 ||   283
  Throw: Boomerang         |       |     6 |    10 |       ||    16
         Dart              |       |     5 |    15 |       ||    20
         Throwing net      |       |       |     1 |       ||     1
    Use: Scroll            |     8 |     6 |     6 |       ||    20
         Potion            |       |     1 |    10 |       ||    11
   Stab: Sleeping          |       |       |     1 |       ||     1
 Armour: Scale mail        |    49 |    33 |       |       ||    82
         Robe              |       |     4 |    59 |       ||    63
         Chain mail        |       |       |    93 |       ||    93
         Acid dragon scale |       |       |       |    45 ||    45
  Dodge: Dodged            |    48 |    37 |   153 |    53 ||   291
  Block: Buckler           |    21 |    16 |    88 |    34 ||   159

Table legend: (Time is in decaauts)
 A = Elapsed time spent in this place.
 B = Non-inter-level travel time spent in this place.
 C = Inter-level travel time spent in this place.
 D = Time resting spent in this place.
 E = Time spent auto-exploring this place.
 F = Levels seen in this place.
 G = Mean time per level.
                   A        B        C        D        E       F      G
               +--------+--------+--------+--------+--------+-----+--------+
         Total |   8873 |   7063 |   1810 |   1565 |   3836 |   9 |  985.9 |
       Dungeon |   8435 |   6672 |   1763 |   1565 |   3452 |   8 | 1054.4 |
        Temple |    438 |    392 |     46 |      0 |    384 |   1 |  438.0 |
               +--------+--------+--------+--------+--------+-----+--------+

Top non-repeatable levels by time:
     D:5: 1291 daAuts
     D:4: 1248 daAuts
     D:7: 1242 daAuts
     D:2: 1216 daAuts
     D:1: 1103 daAuts
     D:6: 1026 daAuts
     D:3: 965 daAuts
  Temple: 438 daAuts
     D:8: 340 daAuts
